 Dungeon Crawl Stone Soup version 0.20-a0-785-g17250f0 (webtiles) character file.

1354 esteth the Changer (level 8, -2/62 HPs)
             Began as a Merfolk Transmuter on Feb 28, 2017.
             Was a Priest of Makhleb.
             Slain by an orc warrior
             ... wielding a +0 war axe
              (25 damage)
             ... on level 6 of the Dungeon.
             The game lasted 00:18:11 (6855 turns).

esteth the Changer (Merfolk Transmuter)             Turns: 6855, Time: 00:18:12

Health: -2/62      AC:  7    Str:  9 (11) XL:     8   Next: 63%
Magic:  1/11       EV: 13    Int: 14 (16) God:    Makhleb [***...]
Gold:   183        SH:  4    Dex: 13 (14) Spells: 4/11 levels left

rFire    . . .     SeeInvis .     - Unarmed
rCold    + . .     Gourm    .   b - +2 robe
rNeg     . . .     Faith    .   (no shield)
rPois    .         Spirit   .   (no helmet)
rElec    .         Reflect  .   (no cloak)
rCorr    .         Harm     .   (no gloves)
MR       .....                  (no boots)
Stlth    +.........             (no amulet)
Regen    0.2/turn               q - +3 ring of protection
MPRegen  0.2/turn               n - ring of protection from cold

@: about to teleport, drained
A: change form in water, swift swim, stealthy swim, large bone plates 1, clever
1
a: Minor Destruction, Lesser Servant of Makhleb, Renounce Religion


You were on level 6 of the Dungeon.
You worshipped Makhleb.
Makhleb was most pleased with you.
You were hungry.

You visited 1 branch of the dungeon, and saw 6 of its levels.
You also visited: Ossuary.

You collected 183 gold pieces.

Inventory:

Missiles
 a - 20 arrows (quivered)
Armour
 b - a +2 robe (worn)
Jewellery
 n - a ring of protection from cold (left hand)
 q - a +3 ring of protection (right hand)
 s - an uncursed ring of protection from cold
Wands
 p - a wand of lightning (10/15)
 v - a wand of random effects (41/48)
 x - a wand of paralysis (11/24)
Scrolls
 g - 2 scrolls of remove curse
 h - 2 scrolls of teleportation
 k - a scroll of amnesia
 l - a scroll of recharging
 o - 2 scrolls of magic mapping
 r - 2 scrolls of fear
 t - 2 scrolls of identify
 w - a scroll of vulnerability {unknown}
Potions
 e - a potion of curing
 u - 2 potions of flight
Books
 c - a book of Changes

   Spells                             Type                      Level
   a - Beastly Appendage              Transmutation                1
   b - Sticks to Snakes               Transmutation                2
   c - Spider Form                    Transmutation/Poison         3
   d - Ice Form                       Ice/Transmutation            4
   e - Blade Hands                    Transmutation                5
Comestibles
 d - 2 bread rations
 f - 3 meat rations
 i - 7 chunks of flesh
 j - 2 royal jellies
 m - 2 fruits


   Skills:
 - Level 5.0(4.8) Fighting
 - Level 2.6(2.5) Dodging
 - Level 6.6(6.5) Unarmed Combat
 - Level 2.0(1.8) Spellcasting
 + Level 7.6(7.5) Transmutations
 - Level 5.3(5.2) Ice Magic


You had 4 spell levels left.
You knew the following spells:

 Your Spells              Type           Power        Failure   Level  Hunger
a - Beastly Appendage     Tmut           ###...       1%          1    ##.....
b - Sticks to Snakes      Tmut           ###.....     1%          2    ###....
c - Ice Form              Ice/Tmut       ###.....     21%         4    #####..


Dungeon Overview and Level Annotations

Branches:
Dungeon (6/15)
 Temple: D:4-7

Altars:
Dithmenos
Fedhas
Kikubaaqudgha
Makhleb
Ru
Uskayaw

Shops:
D:6 *

Annotations:
D:4 Sigmund


Innate Abilities, Weirdness & Mutations

You revert to your normal form in water.
You are very nimble and swift while swimming.
You are very stealthy in the water. (Stealth+)
You are partially covered in large bone plates. (SH +4)
Your mind is acute. (Int +2)


Message History

You closely miss the orc warrior.
The orc warrior is moderately wounded.
The orc warrior barely misses you. The orc barely misses you.
The orc hits your ball python with a hand axe.
Your ball python dies!
The orc barely misses you.
You hit the orc warrior but do no damage.
The orc warrior is moderately wounded.
The orc warrior hits you with a war axe!
The orc warrior hits your ball python with a war axe!
Your ball python dies!
The orc barely misses you. x2
Okay, then.
As you read the scroll of teleportation, it crumbles to dust.
You feel strangely unstable.
The orc warrior hits you with a war axe!
The orc closely misses you. The orc barely misses you.
You block the orc warrior's attack. The orc hits you but does no damage.
The orc warrior hits you with a war axe!!
You die...

.........#
###..#
.....<.###
##.##
########
#..# ##..#
#..## #..#
. ##..# ...
#..##
.....#o@#
.......o.#
.......o.#
..........
.......####
.......
.......
.......
.....


You could see an orc warrior and 2 orcs.

Vanquished Creatures
  5 elf zombies
  2 scorpions
  A centaur zombie (Ossuary)
  2 hounds
  8 human zombies
  3 orc priests
  2 human skeletons (D:4)
  An iguana (D:5)
  An orc wizard (D:5)
  A hound skeleton (D:5)
  3 mummies (Ossuary)
  5 adders
  A shadow imp (D:5)
  3 leopard geckos
  14 orcs
  9 giant cockroaches
  9 goblins
  10 hobgoblins
  12 jackals
  3 kobolds
  3 quokkas
  3 ball pythons
  11 bats
  6 frilled lizards
  A leopard gecko skeleton (D:5)
  An orc skeleton (D:4)
  An orc zombie (D:4)
  A quokka skeleton (D:6)
  6 rats
128 creatures vanquished.

Vanquished Creatures (collateral kills)
  2 elf zombies
  3 elf skeletons (D:4)
  A hound (D:5)
  2 adders (D:3)
  A worm (D:2)
  6 orcs
  2 goblins
  2 hobgoblins (D:3)
19 creatures vanquished.

Grand Total: 147 creatures vanquished

Notes
Turn   | Place    | Note
-------+----------+-------------------------------------------
     0 | D:1      | esteth the Merfolk Transmuter began the quest for the Orb.
     0 | D:1      | Reached XP level 1. HP: 15/15 MP: 3/3
   174 | D:1      | Reached XP level 2. HP: 13/21 MP: 5/5
   298 | D:1      | Learned a level 2 spell: Sticks to Snakes
   971 | D:2      | Reached XP level 3. HP: 26/26 MP: 6/6
  1166 | D:2      | Found a hide-covered altar of Uskayaw.
  1339 | D:2      | Reached skill level 5 in Unarmed Combat
  1453 | D:2      | Reached skill level 3 in Transmutations
  1806 | D:2      | Reached XP level 4. HP: 28/32 MP: 7/7
  1809 | D:2      | Found a burning altar of Makhleb.
  1822 | D:2      | Became a worshipper of Makhleb the Destroyer
  2239 | D:2      | Found an ancient bone altar of Kikubaaqudgha.
  2239 | D:2      | Found a blossoming altar of Fedhas.
  2414 | D:3      | Found a shadowy altar of Dithmenos.
  2503 | D:3      | Reached skill level 4 in Transmutations
  2710 | D:3      | Reached * piety under Makhleb
  2792 | D:3      | Reached skill level 5 in Transmutations
  2792 | D:3      | Reached XP level 5. HP: 17/37 MP: 4/8
  3107 | D:3      | Learned a level 4 spell: Ice Form
  3138 | D:3      | Reached skill level 1 in Ice Magic
  3735 | D:4      | Reached XP level 6. HP: 32/43 MP: 9/9
  4051 | D:4      | Reached skill level 5 in Ice Magic
  4051 | D:4      | Reached XP level 7. HP: 14/48 MP: 7/10
  4333 | D:4      | Found a sand-covered staircase.
  4356 | Ossuary  | Entered an ossuary
  4511 | Ossuary  | Reached ** piety under Makhleb
  4859 | Ossuary  | Reached skill level 5 in Fighting
  4901 | Ossuary  | Reached XP level 8. HP: 53/62 MP: 8/11
  5165 | Ossuary  | Gained mutation: You are partially covered in large bone plates. (SH +4) [potion of mutation]
  5165 | Ossuary  | Gained mutation: Your mind is acute. (Int +2) [potion of mutation]
  5476 | D:4      | Noticed Sigmund
  5504 | D:5      | Entered Level 5 of the Dungeon
  5772 | D:5      | Reached skill level 6 in Transmutations
  6427 | D:5      | Reached skill level 7 in Transmutations
  6517 | D:5      | Found a sacrificial altar of Ru.
  6697 | D:6      | Found Ofasuope's Assorted Antiques.
  6719 | D:6      | Reached *** piety under Makhleb
  6855 | D:6      | Slain by an orc warrior

Vault maps used:
D:1:      evilmike_arrival_fibonacci_small
D:2:      grunt_temple_overflow_growth_and_decay, old_standard_altar,
          eat_drink_and_be_merry_uskayaw, minivault_14, serial_bayou_pond_b
D:3:      grunt_dithmenos_smoke_and_mirrors
D:4:      lemuel_doored_altar, first_bread, nicolae_ossuary_entry_catacombs,
          minmay_three_crescents, uniq_sigmund
D:5:      lemuel_round_altar, kennysheep_generic_room_7
D:6:      minmay_opposing_rooms, kennysheep_mini_moat, serial_shops, shop,
          fedhas_bush_and_centaur_altar, uniq_grinder, uniq_pikel
Ossuary:  ossuary_minmay_four_chambers

Skill      XL: |  1  2  3  4  5  6  7  8 |
---------------+-------------------------+-----
Unarmed Combat | 4 5 6 |  6.6
Transmutations | 3 5 7 |  7.6
Ice Magic      | 3 5 |  5.3
Fighting       | 5 |  5.0
Dodging        | |  2.6
Spellcasting   | |  2.0

Action                   |  1- 3 |  4- 6 |  7- 9 || total
-------------------------+-------+-------+-------++-------
Melee: Unarmed           |   129 |   254 |   391 ||   774
       Punch             |     3 |     4 |    12 ||    19
       Headbutt          |       |       |    10 ||    10
 Cast: Sticks to Snakes  |     7 |    18 |    26 ||    51
       Beastly Appendage |       |       |     1 ||     1
  Use: Scroll            |     4 |     5 |     6 ||    15
       Potion            |     2 |       |     7 ||     9
 Stab: Sleeping          |       |     4 |     1 ||     5
       Distracted        |       |     3 |     4 ||     7
  Eat: Chunk             |     3 |     8 |     3 ||    14
       Bread ration      |       |       |     2 ||     2
Armor: Robe              |    26 |    50 |    82 ||   158
Dodge: Dodged            |    88 |   105 |   198 ||   391
Block: Other             |       |       |    47 ||    47
